 Dungeon Crawl Stone Soup version 0.22.1-1-ga44c0e56f4 (console) character file.

942 Kloppie the Cudgeler (level 7, -1/71 HPs)
             Began as a Troll Monk on Sept 21, 2018.
             Was a Believer of Okawaru.
             Slain by Grinder (2 damage)
             ... on level 5 of the Dungeon.
             The game lasted 00:08:57 (4306 turns).

Kloppie the Cudgeler (Troll Monk)                   Turns: 4306, Time: 00:08:57

Health: -1/71      AC:  7    Str: 22    XL:     7   Next: 88%
Magic:  0/6        EV: 10    Int: 11    God:    Okawaru [**....]
Gold:   209        SH:  0    Dex: 12    Spells: 6/6 levels left

rFire    . . .     SeeInvis .   a - +0 mace
rCold    . . .     Gourm    +   (no shield)
rNeg     . . .     Faith    .   b - +2 robe
rPois    .         Spirit   +   (helmet restricted)
rElec    .         Reflect  .   (no cloak)
rCorr    .         Harm     .   (gloves unavailable)
MR       .....                  (boots unavailable)
Stlth    ++........             r - amulet of guardian spirit
HPRegen  0.61/turn              (no ring)
MPRegen  0.10/turn              (no ring)

@: brilliant, berserk cooldown, slowed, very slow
A: large, unfitting armour, claws 3, fast metabolism 3, gourmand, regeneration
1, shaggy fur 1, tough skin 2
a: Heroism, Renounce Religion


You were on level 5 of the Dungeon.
You worshipped Okawaru.
Okawaru was pleased with you.
You were very full.

You visited 1 branch of the dungeon, and saw 5 of its levels.

You collected 209 gold pieces.

Inventory:

Hand Weapons
 a - a +0 mace (weapon)
 q - a +0 giant club
Missiles
 k - 7 tomahawks (quivered)
Armour
 b - a +2 robe (worn)
Jewellery
 r - an amulet of guardian spirit (around neck)
Wands
 p - a wand of iceblast (8)
Scrolls
 g - 3 scrolls of remove curse
 m - a scroll of enchant weapon {unknown}
 n - a scroll of fear {unknown}
Potions
 i - 2 potions of flight
Comestibles
 c - 9 rations


   Skills:
 + Level 4.9 Fighting
 + Level 5.5 Maces & Flails
 - Level 2.4 Dodging
 + Level 3.3 Stealth


You had 6 spell levels left.
You didn't know any spells.
Your spell library contained the following spells:

 Spells                   Type           Power        Failure   Level  Hunger
 Magic Dart               Conj           #...         4%          1    ##.....
 Blink                    Tloc           N/A          6%          2    ###....
 Call Imp                 Summ           #.......     6%          2    ###....
 Slow                     Hex            #.......     6%          2    ###....
 Conjure Flame            Conj/Fire      #.......     12%         3    ####...
 Mephitic Cloud           Conj/Pois/Air  #.......     12%         3    ####...


Dungeon Overview and Level Annotations

Branches:
Dungeon (5/15)
 Temple: D:4-7

Altars:
Okawaru
The Shining One

Annotations:
D:5 Grinder


Innate Abilities, Weirdness & Mutations

You are too large for most types of armour.
You have claws for hands.
Your metabolism is lightning-fast.
You like to eat raw meat.
Your natural rate of healing is unusually fast.
You are covered in fur. (AC +1)
You have very tough skin. (AC +2)


Message History

Grinder hits you!
* * * LOW HITPOINT WARNING * * *
You writhe in agony.
* * * LOW HITPOINT WARNING * * *
Grinder completely misses you.
You hit Grinder.
Grinder is severely wounded.
Grinder hits you.
You writhe in agony.
* * * LOW HITPOINT WARNING * * *
Grinder gestures at you.
You suddenly lose the ability to move!
Grinder gestures at you. You resist with significant effort.
You can move again.
You hit Grinder but do no damage.
Grinder is severely wounded.
Grinder hits you!
* * * LOW HITPOINT WARNING * * *
You writhe in agony.
You die...

#.....#.........'......
#.....#...(.#####......
#.....####### #......
.####.. #####.. ..
.....# #...#.. ...
....># #...#.. ...#
#...'.. ...+ #...#..
####..# #...#.. #..#..#
#...'.. #.@#..##
#...#.. #.5#...#
#...#.. #..'...##
#...+..
#####....#########..
.........##..##...#..
.........'........#..
.........#........#..
.........######...+##
..######.. #...##. ##
#... #...##. #...
#...##.


You could see Grinder.

Vanquished Creatures
  Sigmund (D:3)
  An ogre (D:4)
  2 scorpions
  A howler monkey (D:4)
  A crimson imp (D:5)
  3 orc priests
  A bullfrog skeleton (D:4)
  4 orc wizards
  3 worker ants
  Robin (D:3)
  7 adders
  2 shadow imps (D:5)
  An adder zombie (D:5)
  4 worms
  2 dart slugs (D:1)
  5 leopard geckos
  11 orcs
  4 ball pythons
  4 giant cockroaches
  17 goblins
  12 hobgoblins
  14 jackals
  5 quokkas
  6 bats
  7 frilled lizards
  7 kobolds
  A leopard gecko skeleton (D:4)
  8 rats
135 creatures vanquished.

Notes
Turn   | Place    | Note
-------+----------+-------------------------------------------
     0 | D:1      | Kloppie the Troll Monk began the quest for the Orb.
     0 | D:1      | Reached XP level 1. HP: 22/22 MP: 0/0
    78 | D:1      | Reached XP level 2. HP: 28/29 MP: 1/1
   130 | D:1      | Reached skill level 3 in Maces & Flails
   380 | D:1      | Reached XP level 3. HP: 18/36 MP: 2/2
  1085 | D:2      | Noticed a scorpion
  1117 | D:2      | Killed a scorpion
  1117 | D:2      | Reached XP level 4. HP: 38/45 MP: 3/3
  1714 | D:3      | Noticed Robin
  1741 | D:2      | Reached XP level 5. HP: 20/53 MP: 4/4
  1897 | D:3      | Killed Robin
  2044 | D:3      | Noticed Sigmund
  2057 | D:3      | Killed Sigmund
  2057 | D:3      | Reached skill level 4 in Maces & Flails
  2057 | D:3      | Reached XP level 6. HP: 24/62 MP: 5/5
  2629 | D:4      | Reached XP level 7. HP: 54/70 MP: 6/6
  2988 | D:4      | Reached skill level 5 in Maces & Flails
  3040 | D:4      | Found a glowing golden altar of the Shining One.
  3295 | D:5      | Entered Level 5 of the Dungeon
  3801 | D:5      | Found an iron altar of Okawaru.
  3812 | D:5      | Became a worshipper of Warmaster Okawaru
  3812 | D:5      | Reached * piety under Okawaru
  3812 | D:5      | Reached ** piety under Okawaru
  4277 | D:5      | Noticed Grinder
  4285 | D:5      | Paralysed by Grinder for 6 turns
  4304 | D:5      | Paralysed by Grinder for 2 turns
  4306 | D:5      | HP: 1/71 [Grinder (6)]
  4306 | D:5      | Slain by Grinder

Skill      XL: |  1  2  3  4  5  6  7 |
---------------+----------------------+-----
Maces & Flails | 3 4 5 |  5.5
Fighting       | 3 4 |  4.9
Stealth        | 2 3 |  3.3
Dodging        | |  2.4

Action                   |  1- 3 |  4- 6 |  7- 9 || total
-------------------------+-------+-------+-------++-------
Melee: Mace              |   168 |   212 |   181 ||   561
Throw: Tomahawk          |       |     2 |       ||     2
Invok: Heroism           |       |       |     1 ||     1
  Use: Scroll            |       |     4 |     7 ||    11
       Potion            |       |       |     5 ||     5
 Stab: Sleeping          |     3 |     4 |     4 ||    11
       Distracted        |       |       |     1 ||     1
  Eat: Chunk             |    16 |    15 |    15 ||    46
Armor: Robe              |    90 |    89 |    76 ||   255
       Skin              |       |       |    18 ||    18
Dodge: Dodged            |   124 |   124 |   112 ||   360
